[Event "Early-Titled-Tuesday-Blitz-February-20-2024"]
[Site "Chess.com"]
[Date "2024.02.20"]
[Round "9"]
[White "vugarrasulov"]
[Black "ckgchess"]
[Result "0-1"]
[WhiteElo "2938"]
[BlackElo "2885"]
[TimeControl "180+1"]
[EndTime "9:48:26 PST"]
[Termination "ckgchess won on time"]

1. d4 Nf6 2. Nf3 d5 3. c4 e6 4. g3 Be7 5. Bg2 O-O 6. O-O dxc4 7. Nc3 Nc6 8. Bg5 Rb8 9. Rc1 b5 10. Bxf6 Bxf6 11. e3 a6 12. h4 Bb7 13. a4 Nb4 14. axb5 axb5 15. Rb1 c5 16. dxc5 Nd3 17. Qc2 Nxc5 18.
Rfd1 Qa5 19. Nd4 Bxg2 20. Kxg2 Qa8+ 21. Kg1 Bxd4 22. Rxd4 Nb3 23. Rd6 Rfd8 24. Rbd1 Rxd6 25. Rxd6 g6 26. h5 Qf3 27. h6 Ra8 28. Kh2 Qh5+ 29. Kg2 Qxh6 30. Nxb5 Qg5 31. Qxc4 Na5 32. Qa4 Rb8 33.
Nd4 Nb7 34. Rb6 Qc5 35. Qb5 Qc7 36. b4 Kg7 37. Nc6 Nd6 38. Qe5+ f6 39. Qxe6 Rxb6 40. Nd4 Qb7+ 41. Kh2 Nf7 42. Qe8 Ng5 43. Qd8 Rxb4 44.
f4 Rxd4 45. exd4 Qb2+ 46. Kh1 Qc1+ 47. Kg2 Qd2+ 48. Kf1 Qd1+ 49. Kf2 Qc2+ 50. Ke3 Qe4+ 51. Kd2 Nf3+ 52. Kc3 Qe3+ 53. Kc4 Qc1+ 54. Kd5 Qe3 55. Kc5 Qxd4+ 56. Qxd4 Nxd4 57. Kxd4 Kh6 58. Kd5 Kh5 59. Ke6 f5 60. Kf6 Kg4 61. Kg7 Kxg3 62. Kxh7 Kxf4 63. Kxg6 Ke4 0-1

[Event "Early-Titled-Tuesday-Blitz-February-20-2024"]
[Site "Chess.com"]
[Date "2024.02.20"]
[Round "9"]
[White "davigator"]
[Black "Lion-Al-Messi"]
[Result "1-0"]
[WhiteElo "2387"]
[BlackElo "2525"]
[TimeControl "180+1"]
[EndTime "9:48:26 PST"]
[Termination "davigator won on time"]

1. e4 e6 2. d4 d5 3. Nc3 Nf6 4. e5 Nfd7 5. f4 c5 6. Nf3 Nc6 7. Be3 a6 8. Qd2 b5 9. Nd1 Bb7 10. c3 Qc7 11. Bd3 c4 12. Bc2 Ne7 13. g4 h5 14. f5 hxg4 15. fxe6 fxe6 16. Ng5 Qb6 17. O-O O-O-O 18. Nf7 Rh3 19. Nxd8 Qxd8 20. Qg2 Nf5 21. Bf2 Qg5 22. Bxf5 exf5 23. Bg3 Be7 24. Qf2 g6 25. a4 b4 26. a5 b3 27. Ne3 Nf8 28. Ng2 Ne6 29. Nf4 Kd7 30. Nxh3 gxh3 31. Kh1 Qh5 32. Rae1 Bc6 33. Qf3 Qh7 34. Bf4 g5 35. Be3 f4 36.
Bc1 Kd8 37. Rg1 Qf5 38. Rg4 Bd7 39. Qxh3 Nxd4 40. Qh8+ Kc7 41. Rg2 Ne6 42. Qa8 f3 43.
Rf2 Bc5 44. Ref1 Bxf2 45. Rxf2 Qb1 46. Rf1 d4 47. Qa7+ Kd8 48. Qb6+ Ke8 49. cxd4 c3 50. Qxb3 f2 51. Kg2 Bc6+ 52. Kxf2 Qe4 53. Qxc3 Qg2+ 54.
Ke1 Bb5 55. Qf3 Bxf1 56. Qxf1 Qxf1+ 57. Kxf1 Nxd4 58. Bxg5 Nc6 59. Bd2 Nxe5 60. Ke2 Ng4 61. h3 Nf6 62. Kf3 Kf7 63. Kf4 Nd5+ 64. Kf5 Ne7+ 65. Kg5 Ke6 66. Bc3 Nd5 67. h4 Kf7 68. h5 Kg8 69. Kf5 Kh7 70. Ke6 Ne3 71. Bd2 Nc4 72.
Bc1 Kg7 73. b4 Kh7 74. Kd5 1-0

[Event "Early-Titled-Tuesday-Blitz-February-20-2024"]
[Site "Chess.com"]
[Date "2024.02.20"]
[Round "9"]
[White "Brave_spirit12"]
[Black "Predator0608"]
[Result "1-0"]
[WhiteElo "2735"]
[BlackElo "2585"]
[TimeControl "180+1"]
[EndTime "9:48:27 PST"]
[Termination "Brave_spirit12 won by resignation"]

1. e4 c5 2. c3 d5 3. exd5 Qxd5 4. d4 Nf6 5. Nf3 e6 6. Be2 Nc6 7. Na3 cxd4 8. Nb5 Qd8 9. Nbxd4 Nxd4 10. Nxd4 Be7 11.
O-O O-O 12. Bf4 Qb6 13. Qb3 Qa5 14. Bg3 Ne4 15. Rfd1 Nxg3 16. hxg3 Rd8 17. Bf3 Qc5 18. Nc2 Rb8 19. Rxd8+ Bxd8 20. Rd1 Bb6 21. Ne3 Qc7 22. Qb5 Kf8 23. Nc4 Bc5 24. Kf1 a6 25. Qb3 b5 26. Nd2 Bb7 27. Bxb7 Qxb7 28. Nf3 Qc7 29. Qc2 Kg8 30. Qd3 Bb6 31. Qd6 Qa7 32. Ne5 Re8 33.
Qd7 Kf8 34. Qxa7 Bxa7 35. Rd7 f6 36. Rxa7 fxe5 37. Rxa6 Ke7 38. Ke2 Rb8 39. Ra7+ Kf6 40. Rc7 b4 41. cxb4 Rxb4 42. b3 h5 43. Rc4 Rb5 44. b4 Rb7 45. a4 Kf5 46. a5 g5 47.
f3 g4 48. Kd3 Rd7+ 49. Kc3 Rd1 50. a6 Ra1 51. b5 Kg5 52. Kb4 Kf5 53. Kc5 gxf3 54. gxf3 Kg5 55. Kb6 Rd1 56. a7 Rd6+ 57. Kb7 Rd7+ 58. Rc7 Rh7 59. Rxh7 Kf6 60. a8=Q Kg6 61.
Qg8+ Kf5 62. Qf7+ 1-0

[Event "Early-Titled-Tuesday-Blitz-February-20-2024"]
[Site "Chess.com"]
[Date "2024.02.20"]
[Round "9"]
[White "Ali_rastbod"]
[Black "inagreV"]
[Result "1/2-1/2"]
[WhiteElo "2693"]
[BlackElo "2409"]
[TimeControl "180+1"]
[EndTime "9:48:27 PST"]
[Termination "Game drawn - insufficient material"]

1. Nf3 Nf6 2. b3 d5 3. Bb2 e6 4. g3 b6 5. Bg2 Bb7 6. O-O Nbd7 7.
c4 Bd6 8. cxd5 exd5 9. Nd4 a6 10. Nf5 Bf8 11. e4 dxe4 12. d3 g6 13. dxe4 gxf5 14. e5 Bxg2 15. exf6 Bxf1 16. Qe1+ Be7 17. fxe7 Qxe7 18.
Qxe7+ Kxe7 19. Bxh8 Rxh8 20. Kxf1 Rd8 21. Nc3 Nf6 22.
Rc1 Rd2 23. Ke1 Rb2 24. Na4 Rxa2 25. Rxc7+ Kf8 26. Nxb6 Ne4 27. Nd7+ Kg7 28. Ne5 Kf6 29. f4 Nd6 30. Rd7 Ke6 31. Rc7 Rxh2 32. Nf3 Rb2 33.
Kf1 Ne4 34. Nd4+ Kd6 35. Rxf7 Nxg3+ 36. Ke1 Kd5 37. Nxf5 Nxf5 38. Rxf5+ Ke4 39. Rf6 Rxb3 40. Rxa6 Kxf4 41. Kf2 h5 42. Ra4+ Kg5 43. Kg2 h4 44. Kh2 Rf3 45. Kg2 Rf5 46. Kh3 Rb5 47. Rg4+ Kf5 48.
Kxh4 Rb1 49. Rg5+ Kf6 50. Rg3 Rh1+ 51. Kg4 Rf1 52. Kh3 Kf5 53. Kg2 Rf4 54. Rb3 Rg4+ 55. Kf3 Rf4+ 56. Kg3 Rg4+ 57. Kh3 Re4 58. Ra3 Kf4 59.
Kg2 Re3 60. Ra4+ Re4 61. Ra8 Ke3 62. Kf1 Kf3 63. Ra3+ Re3 64. Ra2 Rb3 65. Rf2+ Kg3 66. Rg2+ Kh3 67. Re2 Rb1+ 68. Kf2 Rb3 69. Re3+ Rxe3 70.
Kxe3 1/2-1/2

[Event "Early-Titled-Tuesday-Blitz-February-20-2024"]
[Site "Chess.com"]
[Date "2024.02.20"]
[Round "9"]
[White "KononenkoD"]
[Black "Goryachkina"]
[Result "1/2-1/2"]
[WhiteElo "2543"]
[BlackElo "2705"]
[TimeControl "180+1"]
[EndTime "9:48:28 PST"]
[Termination "Game drawn by repetition"]

1. d4 Nf6 2. c4 e6 3. g3 d5 4. Nf3 dxc4 5. Qa4+ Nbd7 6. Bg2 a6 7. Qxc4 b5 8. Qc2 Bb7 9. a4 c5 10. axb5 axb5 11. Rxa8 Bxa8 12. dxc5 Bxc5 13. O-O O-O 14. Nc3 Qb6 15. Qd3 Bc6 16. Bf4 b4 17. Nd1 Bb5 18. Qc2 h6 19. Ne5 Nxe5 20. Bxe5 Nd5 21. Re1 Rd8 22. e3 Ne7 23. b3 Bd3 24. Qc1 Rc8 25. Qd2 Rd8 26. Qa2 Ng6 27. Ba1 Bb5 28. Nb2 Rd2 29.
Qa8+ Kh7 30. Na4 Qd6 31. Nxc5 Qxc5 32. Qb7 Be8 33. Qb8 Bd7 34. h4 h5 35. Bf3 Qc2 36.
Rf1 Qf5 37. Qb7 Bc8 38. Qe4 Qxe4 39. Bxe4 Ba6 40. Rc1 Be2 41. Bd4 f5 42. Bg2 e5 43.
Bc5 e4 44. Bxb4 Rb2 45. Rc3 Ne5 46. Kh2 Nf3+ 47. Bxf3 Bxf3 48. Rc1 Rxf2+ 49. Kg1 Rb2 50. Bc3 Rxb3 51. Be5 Ra3 52. Rc2 Rb3 53. Kf2 Rb1 54. Bf4 Rd1 55. Be5 Rh1 56. Rc7 Rh2+ 57. Kf1 Rh1+ 58. Kf2 Rh2+ 59. Kf1 Rh1+ 60. Kf2 1/2-1/2

[Event "Early-Titled-Tuesday-Blitz-February-20-2024"]
[Site "Chess.com"]
[Date "2024.02.20"]
[Round "9"]
[White "wonderfultime"]
[Black "Beca95"]
[Result "0-1"]
[WhiteElo "3044"]
[BlackElo "2899"]
[TimeControl "180+1"]
[EndTime "9:48:34 PST"]
[Termination "Beca95 won on time"]

1. d4 g6 2. e4 Bg7 3. Bc4 e6 4.
Bb3 d6 5. Nf3 Ne7 6. O-O b6 7. Re1 Bb7 8. Nbd2 Nd7 9. Nf1 h6 10.
Ng3 a6 11. c3 c5 12. h3 Qc7 13.
Bf4 c4 14. Bc2 b5 15. a4 e5 16. Be3 O-O 17. Qd2 Kh7 18. Rad1 Rad8 19. Qc1 Nc6 20.
axb5 axb5 21. h4 Nf6 22. Nh2 Bc8 23. d5 Na5 24. f4 exf4 25. Bxf4 Nd7 26. Nf3 Ne5 27.
Nxe5 Bxe5 28. Rf1 Nb7 29. Rd2 Qe7 30. Rdf2 Nc5 31. Qe3 h5 32. Ne2 Kg8 33. Nd4 Qxh4 34. Bxe5 dxe5 35. Nc6 Nd7 36. Nxd8 Qxd8 37. Bd1 Kg7 38.
Bxh5 Qb6 39. Qxb6 Nxb6 40. Bxg6 f6 41. Bf5 Bxf5 42. Rxf5 Nc8 43. R5f3 Nd6 44. Rg3+ Kf7 45. Rg4 Ra8 46. Rf2 Ra1+ 47. Kh2 Re1 48. Rf3 Nxe4 49. Rh3 Ng5 50. Rh8 Rd1 51. Rb8 Rxd5 52. Rb6 Kg6 53. Rg3 Kf5 54. Re3 e4 55. Re2 Ke5 56. g4 f5 57. gxf5 Kxf5 58. Kg3 Rd3+ 59. Kg2 Rd5 60. Kf2 Nh3+ 61. Ke1 Nf4 62. Rh2 e3 63. Rb8 Ke4 64. Rh4 Rg5 65. Re8+ Kf3 66. Rh1 Nd3+ 67. Kf1 Nf4 68. Ke1 e2 69. Rf8 Rd5 0-1

[Event "Early-Titled-Tuesday-Blitz-February-20-2024"]
[Site "Chess.com"]
[Date "2024.02.20"]
[Round "9"]
[White "Casper"]
[Black "yaguigor"]
[Result "1-0"]
[WhiteElo "2550"]
[BlackElo "2659"]
[TimeControl "180+1"]
[EndTime "9:48:34 PST"]
[Termination "Casper won on time"]

1. Nf3 d5 2. b3 Bg4 3. Bb2 Nd7 4. g3 e6 5. Bg2 Ngf6 6. O-O Bd6 7. d4 O-O 8. Nbd2 h6 9. Qe1 Bf5 10. c4 c6 11. Nh4 Be4 12. Bxe4 dxe4 13. Ng2 e5 14.
Qb1 exd4 15. Nxe4 Be5 16. f4 Nxe4 17. Qxe4 f5 18. Qf3 Bf6 19. Rad1 Qb6 20. Qf2 c5 21. e3 dxe3 22. Nxe3 Bxb2 23. Qxb2 Rf7 24. Nxf5 Nf6 25.
Rfe1 Re8 26. Rxe8+ Nxe8 27. Qe5 Nf6 28. Ne7+ Kf8 29. Nc8 Qc7 30. Qxc7 Rxc7 31. Rd8+ Kf7 32. Nxa7 Re7 33. Kf1 Ng4 34. h3 Ne3+ 35. Kf2 Nf5 36. Nb5 h5 37. Nd6+ Nxd6 38. Rxd6 Re4 39. Rd5 h4 40. gxh4 Rxf4+ 41. Kg3 Re4 42. Rxc5 Re3+ 43. Kg4 Re2 44. a4 Re4+ 45. Kf3 Rxh4 46. Kg3 Re4 47. Rc7+ Kf6 48. Rxb7 g5 49. a5 Re3+ 50. Kg4 Re4+ 51. Kg3 Re3+ 52. Kg2 Re2+ 53. Kf3 Rh2 54. Kg3 Rd2 55.
a6 Rd3+ 56. Kg4 Rd4+ 57. Kg3 Rd3+ 58. Kg2 Rd2+ 59. Kg1 Ra2 60. a7 Kf5 61. Rf7+ Ke4 62.
b4 Kd4 63. b5 Kc5 64. Rf5+ Kb6 65. Rf6+ Kc5 66. Ra6 1-0

[Event "Early-Titled-Tuesday-Blitz-February-20-2024"]
[Site "Chess.com"]
[Date "2024.02.20"]
[Round "9"]
[White "TigrVShlyape"]
[Black "Rodalquilar"]
[Result "1/2-1/2"]
[WhiteElo "2916"]
[BlackElo "2772"]
[TimeControl "180+1"]
[EndTime "9:48:41 PST"]
[Termination "Game drawn by stalemate"]

1. e4 d5 2. exd5 Qxd5 3. Nc3 Qa5 4. d4 Nf6 5. Nf3 Bf5 6. Bd2 e6 7. Bc4 Bb4 8. O-O Nc6 9. a3 Bxc3 10. Bxc3 Qb6 11. b4 O-O 12. b5 Ne4 13. bxc6 Nxc3 14. Qe1 Ne4 15. cxb7 Qxb7 16. Qb4 Qb6 17. Rfe1 c5 18.
dxc5 Nxc5 19. Nd4 Bg6 20. Rab1 Ne4 21. Bd3 Nf6 22. Bxg6 hxg6 23. Qxb6 axb6 24. Rxb6 Rxa3 25. Rb3 Rxb3 26. cxb3 Rb8 27. Rb1 Nd5 28. h4 Rb4 29. Nf3 Nc3 30. Ra1 f6 31. Ra8+ Kh7 32. Ra3 e5 33. g3 Nb5 34. Ra6 Rxb3 35. Nd2 Rb4 36. Rb6 Rd4 37. Rxb5 Rxd2 38. Kg2 e4 39. Kf1 f5 40.
Ke1 Ra2 41. Re5 Kh6 42. Kf1 Kh5 43. Kg2 Rb2 44. Re7 Kh6 45. Re6 Kh7 46. Re8 Rb7 47.
Kh3 Rb2 48. Kg2 Rc2 49. Kf1 Ra2 50. Kg2 Rb2 51. Kf1 Rb5 52. Kg2 Rc5 53. Kf1 Rc2 54. Kg2 Rc7 55. Kf1 g5 56. hxg5 Kg6 57. g4 Kxg5 58.
gxf5 Kxf5 59. Kg2 g5 60. Kg3 Rc3+ 61. Kg2 Kf4 62. Re7 Rb3 63. Rf7+ Kg4 64. Re7 Rb4 65. Re8 Rc4 66. Rxe4+ Rxe4 67. f3+ Kf4 68. fxe4 Kxe4 69. Kg3 Kf5 70. Kf3 g4+ 71. Kg3 Kg5 72. Kg2 Kf4 73. Kf2 g3+ 74. Kg2 Kg4 75.
Kg1 Kf3 76. Kf1 g2+ 77. Kg1 Kg3 1/2-1/2

[Event "Early-Titled-Tuesday-Blitz-February-20-2024"]
[Site "Chess.com"]
[Date "2024.02.20"]
[Round "9"]
[White "zverr1"]
[Black "Al_Shima"]
[Result "1-0"]
[WhiteElo "2551"]
[BlackElo "2379"]
[TimeControl "180+1"]
[EndTime "9:48:47 PST"]
[Termination "zverr1 won on time"]

1. e4 c5 2. Nf3 e6 3. b3 d6 4. d4 cxd4 5. Nxd4 Nf6 6. Bd3 a6 7. c4 Be7 8. Bb2 Qc7 9. Nc3 b6 10. Qe2 Bb7 11. O-O Nc6 12. Nxc6 Bxc6 13. Kh1 O-O 14.
f4 Nd7 15. Rac1 Bf6 16. Nd5 Qd8 17. Nxf6+ Nxf6 18. Rcd1 Qe7 19. e5 dxe5 20. fxe5 Ne8 21. Qh5 g6 22. Qh6 Ng7 23. Rf4 Nh5 24. Rf2 Qh4 25.
Qe3 Rad8 26. Rfd2 Nf4 27. Bf1 Qg4 28. Bd4 Nh3 29. Re2 Rd7 30. Rdd2 Rfd8 31. Qg3 Qxg3 32.
hxg3 Ng5 33. Be3 Ne4 34. Rxd7 Rxd7 35. Kh2 b5 36. cxb5 Bxb5 37. Re1 Bxf1 38. Rxf1 Nc3 39. Rc1 Nd5 40. Bh6 Rd8 41. Rc6 Ra8 42. Bg5 Nb4 43.
Rb6 Nxa2 44. Bf6 Nc3 45. Kh3 Nd5 46. Rb7 h5 47. Kh4 a5 48. Kg5 Ne3 49. Rc7 Nf5 50. Rd7 Rb8 51. g4 hxg4 52. Kxg4 Ne3+ 53. Kg5 Nf5 54. g3 Rc8 55. Ra7 Nxg3 56. Rxa5 Ne4+ 57. Kh6 Nxf6 58. exf6 Rb8 59. b4 Kf8 60. b5 Ke8 61. Kg7 e5 62. b6 Kd7 63. Rxe5 Kd6 64. Re7 Rxb6 65. Kxf7 g5 66. Re6+ Kc5 67. Re5+ Kd4 68. Rxg5 Rb7+ 69. Kg6 Ke4 70. f7 Rb6+ 71. Kg7 Rb7 72. Ra5 1-0

[Event "Early-Titled-Tuesday-Blitz-February-20-2024"]
[Site "Chess.com"]
[Date "2024.02.20"]
[Round "9"]
[White "CaspiIsrael"]
[Black "JSPrepz"]
[Result "0-1"]
[WhiteElo "2732"]
[BlackElo "2863"]
[TimeControl "180+1"]
[EndTime "9:48:48 PST"]
[Termination "JSPrepz won by resignation"]

1. e4 e5 2. Nf3 Nc6 3. Bb5 f5 4. Nc3 fxe4 5. Nxe4 d5 6. Nxe5 dxe4 7. Nxc6 Qd5 8. c4 Qd6 9. Qh5+ g6 10. Qe5+ Qxe5 11. Nxe5+ c6 12. Ba4 Bg7 13. d4 exd3 14. Nxd3 Bf5 15.
Nf4 O-O-O 16. O-O Nf6 17. Rd1 Ne4 18. Rxd8+ Rxd8 19. Bc2 Bd4 20. Be3 Bxb2 21. Rb1 Be5 22. Ne2 Nd6 23. Bxf5+ Nxf5 24. Bxa7 Rd2 25. Ng3 Nxg3 26. hxg3 Rxa2 27. Bb6 Kd7 28. Be3 Ra1 29.
Rxa1 Bxa1 30. Kf1 Kd6 31. Ke2 Bc3 32. Kd3 Bb4 33. f3 Bc5 34. Bf4+ Ke6 35. g4 Bg1 36. Bd2 Kd6 37. Bb4+ Ke5 38. Bd2 Ba7 39. f4+ Ke6 40.
Ke4 Bc5 41. f5+ Kf7 42. Ke5 b5 43. cxb5 cxb5 44. Kd5 Be7 45. Bc3 b4 46. Bb2 gxf5 47. gxf5 Bf6 48. Bc1 b3 49. Ke4 b2 50. Bxb2 Bxb2 51.
Kf4 Kf6 52. g4 h6 53. Kg3 Kg5 54. Kh3 Be5 55. f6 Kxf6 56. Kg2 Kg5 57. Kh3 Kf4 58. Kg2 Ke4 59. Kh3 Bf4 60. Kg2 Ke3 61. Kh3 Kf2 62. Kh4 Kg2 63. Kh5 Bg5 64. Kg6 Kg3 65. Kf5 Kf3 66. Ke5 Kxg4 67. Ke4 Kg3 68. Kf5 Bc1 69. Kg6 Kg4 70. Kf6 h5 71. Ke5 h4 72. Ke4 h3 73. Kd3 h2 74. Kc2 h1=Q 0-1

[Event "Early-Titled-Tuesday-Blitz-February-20-2024"]
[Site "Chess.com"]
[Date "2024.02.20"]
[Round "9"]
[White "WilsonPalencia21"]
[Black "Matols"]
[Result "1-0"]
[WhiteElo "2521"]
[BlackElo "2351"]
[TimeControl "180+1"]
[EndTime "9:48:49 PST"]
[Termination "WilsonPalencia21 won on time"]

1. d4 d5 2. c4 e6 3. Nf3 Nf6 4. Nc3 a6 5. cxd5 exd5 6. Bg5 Be6 7. e3 c6 8. Bd3 Bd6 9. Bf4 O-O 10. O-O Qc7 11. Qd2 Nbd7 12. Rfc1 Rfe8 13. Na4 Ne4 14. Bxe4 dxe4 15. Ng5 Bxf4 16. exf4 Bd5 17. Rc3 h6 18. Nh3 Nf6 19. Rg3 Rad8 20. Nc3 Qd6 21. Rd1 b5 22. b3 a5 23. Nxd5 Nxd5 24. Qxa5 Nxf4 25. Nxf4 Qxf4 26. Qc3 Qf6 27. h3 Rd6 28.
Re3 Qf4 29. Rde1 Rg6 30. Qc2 Rge6 31. Qc3 Rg6 32. g3 Qf5 33. Kg2 Rf6 34. Qc2 Rfe6 35. Qe2 Qd5 36. Qd1 g6 37. Kh2 Kg7 38. Qd2 h5 39. h4 Qf5 40. Rc3 Rf6 41. Kg1 Rfe6 42. Ree3 Qd5 43. Rc5 Qd6 44. Qc3 Kh7 45. b4 Rd8 46. d5 cxd5 47. Qd4 Qe5 48. Qxe5 Rxe5 49. Rxb5 Kg7 50. Re1 Kf6 51. Rd1 d4 52. Rb6+ Kf5 53.
a4 d3 54. Kf1 f6 55. Ke1 e3 56. fxe3 Rxe3+ 57. Kf2 Re2+ 58. Kf3 Ra2 59. Rb5+ Ke6 60. a5 d2 61. Rb6+ Ke5 62. Ke2 Ke4 63. Re6+ Kf5 64. Re3 Rd4 65. Rb3 Rd5 66. b5 Re5+ 67.
Kf2 Rd5 68. b6 Raxa5 69. b7 Rdb5 70. b8=Q Rxb8 71. Rxb8 Kg4 72. Rb3 Kh3 73. Rd3 Kg4 74. R1xd2 f5 75. Rd4+ f4 76. Rxf4+ 1-0

[Event "Early-Titled-Tuesday-Blitz-February-20-2024"]
[Site "Chess.com"]
[Date "2024.02.20"]
[Round "9"]
[White "margarita_2703"]
[Black "AlexanderKing"]
[Result "1/2-1/2"]
[WhiteElo "2392"]
[BlackElo "2616"]
[TimeControl "180+1"]
[EndTime "9:48:51 PST"]
[Termination "Game drawn - insufficient material"]

1. e4 e6 2. d4 d5 3. e5 c5 4.
c3 Qb6 5. Nf3 Bd7 6. Bd3 Bb5 7.
dxc5 Bxc5 8. b4 Bf8 9. Be3 Qa6 10.
Bc2 Ne7 11. a4 Nf5 12. Na3 Nxe3 13. fxe3 Bc4 14. Nd4 Nd7 15. Qd2 Nxe5 16. e4 Be7 17.
exd5 Bxd5 18. Qe3 Nc4 19. Nxc4 Qxc4 20. Bb3 Qc7 21. Bxd5 exd5 22. Nf5 g6 23. Nd4 O-O 24. O-O Rfe8 25. Qf3 Bf8 26. Qxd5 Bg7 27. Rad1 Rad8 28. Qf3 Bxd4+ 29. Rxd4 Rxd4 30. cxd4 Re7 31. Qd5 Rd7 32. Qc5 Qxc5 33. dxc5 Rd4 34. Rb1 Rc4 35. Kf2 h5 36. Ke3 Rc2 37. Kd4 Kf8 38. b5 Ke7 39. Re1+ Kd7 40.
Rf1 f5 41. Re1 Rxg2 42. Kd5 Rd2+ 43. Kc4 Rxh2 44. Rg1 Rh4+ 45. Kd5 Rg4 46. c6+ bxc6+ 47. bxc6+ Kc8 48. Rd1 Rxa4 49. Kd6 Ra2 50. Rd4 h4 51.
Rxh4 Rd2+ 52. Kc5 Kc7 53. Rh7+ Kc8 54. Rxa7 f4 55. Rg7 Rg2 56. Kd6 Rd2+ 57. Kc5 f3 58.
Rxg6 f2 59. Rf6 Rc2+ 60. Kb6 Rb2+ 61. Kc5 Kc7 62. Rf7+ Kd8 63. Kd6 Rd2+ 64. Ke6 Ke8 65. Rf4 Re2+ 66. Kd6 Rd2+ 67. Kc7 Ke7 68. Kb7 Rb2+ 69.
Kc8 Ke6 70. c7 Ke5 71. Rf8 Ke4 72. Kd8 Rd2+ 73. Ke7 Rc2 74. Rxf2 Rxc7+ 75. Kd6 Rc3 76. Re2+ Re3 77. Rxe3+ Kxe3 1/2-1/2

[Event "Early-Titled-Tuesday-Blitz-February-20-2024"]
[Site "Chess.com"]
[Date "2024.02.20"]
[Round "9"]
[White "Statham_01"]
[Black "Byniolus"]
[Result "0-1"]
[WhiteElo "2576"]
[BlackElo "2833"]
[TimeControl "180+1"]
[EndTime "9:48:57 PST"]
[Termination "Byniolus won by resignation"]

1. e4 d6 2. d4 Nf6 3. Nc3 c6 4. f4 Qb6 5. Nf3 Bg4 6. e5 Nd5 7. Nxd5 cxd5 8. c3 e6 9. Bd3 g6 10. O-O Nc6 11. Bc2 Be7 12. Rb1 O-O-O 13. b4 Kb8 14. a4 Qc7 15. a5 Rc8 16. Bd2 Nxd4 17.
cxd4 Qxc2 18. Qe1 Bxf3 19. Rxf3 Qe4 20. Be3 Rc2 21. a6 b6 22. Rf2 Rxf2 23. Kxf2 Rc8 24.
Rc1 Rc2+ 25. Rxc2 Qxc2+ 26. Kg1 Qd3 27. Qc1 Qc4 28. Qb2 Qxa6 29. f5 dxe5 30. fxe6 fxe6 31. Bf2 e4 32. Bg3+ Kb7 33. b5 Qa4 34. h4 Qc4 35. Kh2 e3 36. h5 gxh5 37. Qb1 h4 38.
Be5 e2 39. Qxh7 Qb4 40. Qc2 Qxb5 41. Qc7+ Ka6 42. Qc8+ Ka5 43. Qc3+ Bb4 44. Qa1+ Qa4 45. Qb1 e1=Q 46. Qh7 Qg3+ 47. Bxg3 hxg3+ 48. Kh3 Qc6 49. Qxa7+ Kb5 50. Qa2 Qc4 51. Qa8 Qxd4 52. Qe8+ Kc4 53.
Qc6+ Qc5 54. Qxe6 Bc3 55. Qe2+ Kb4 56. Qg4+ d4 57. Qg6 b5 58. Qb1+ Kc4 59. Qa2+ Kd3 60.
Qb1+ Ke3 61. Qd1 Ke4 62. Qf3+ Ke5 63. Qh5+ Kd6 64. Qg6+ Kd5 65. Qf7+ Kc6 66. Qe8+ Kb6 67. Qg6+ Ka5 68. Qc2 Qh5+ 69. Kxg3 Qg5+ 70. Kh3 Qe3+ 71. Kh2 Qf4+ 72. Kh3 Qd2 73. Qe4 Qe3+ 74. Qxe3 dxe3 75. Kg3 e2 76. Kf2 e1=Q+ 0-1

[Event "Early-Titled-Tuesday-Blitz-February-20-2024"]
[Site "Chess.com"]
[Date "2024.02.20"]
[Round "9"]
[White "Jumbo"]
[Black "Fandorine"]
[Result "1/2-1/2"]
[WhiteElo "2833"]
[BlackElo "2954"]
[TimeControl "180+1"]
[EndTime "9:48:59 PST"]
[Termination "Game drawn by repetition"]

1. e4 e5 2. Nf3 Nc6 3. Bc4 Nf6 4.
d3 Be7 5. O-O O-O 6. Re1 d6 7. a4 Na5 8. Ba2 c5 9. Nc3 h6 10. h3 Nc6 11. Bd2 Rb8 12. Ne2 Be6 13. Bxe6 fxe6 14. Ng3 Qe8 15. c3 Nh5 16. Nxh5 Qxh5 17.
b4 b6 18. b5 Na5 19. c4 Bd8 20. Bxa5 bxa5 21. Ra2 Rb7 22. Nh2 Qg6 23. Qg4 Qe8 24. Re3 Rf4 25. Qd1 Qg6 26. g3 Rf8 27. Rf3 Bf6 28.
Qe1 Rbf7 29. Kg2 Bd8 30. Rxf7 Qxf7 31. Re2 d5 32. Re3 dxc4 33. dxc4 Qd7 34. Nf3 Bc7 35. Kf1 Rd8 36. Ke2 Qf7 37. Qc3 Rd4 38. Qc2 Rd8 39. Rd3 Rf8 40. Kf1 Qg6 41. Re3 Rd8 42. Qe2 Qh5 43. Kg2 Qe8 44. Rd3 Rd4 45. Nxd4 exd4 46. e5 Qg6 47. f4 h5 48. h4 Qf5 49. Qf3 Kh7 50. Kf2 Kh6 51. Ke2 Bd8 52.
Kd2 Bb6 53. Kc2 Bd8 54. Qe2 Bc7 55. Kb3 Kh7 56. Rd1 g6 57. Qd3 Qh3 58. Rd2 Qh1 59. Kb2 Qg1 60. Re2 Qf1 61. Rd2 Qe1 62. Ka2 Qc1 63.
Rc2 Qe1 64. Re2 Qb4 65. Qb3 Bb6 66. Qxb4 axb4 67. Kb3 Kg7 68. Rd2 Ba5 69. Ra2 Kf7 70. Rg2 Kg7 71. g4 hxg4 72. Rxg4 Kh6 73. Rg2 Bd8 74. Rg4 Kh5 75. Rg2 Kh6 76. Rh2 Kh5 77. Rg2 Kh6 1/2-1/2

[Event "Early-Titled-Tuesday-Blitz-February-20-2024"]
[Site "Chess.com"]
[Date "2024.02.20"]
[Round "9"]
[White "Atousa"]
[Black "agvega14"]
[Result "1-0"]
[WhiteElo "2445"]
[BlackElo "2221"]
[TimeControl "180+1"]
[EndTime "9:48:59 PST"]
[Termination "Atousa won on time"]

1. Nf3 d5 2. g3 Nf6 3. Bg2 Bf5 4. O-O e6 5. d3 h6 6. Nbd2 Be7 7. Re1 Bh7 8. e4 O-O 9. Qe2 c5 10. c3 Nc6 11. h3 Rc8 12. Kh2 a5 13. a4 Re8 14. Ng1 Bf8 15. f4 Qc7 16. Ngf3 dxe4 17. dxe4 Red8 18. Rf1 Rd7 19. Ne1 Rcd8 20. Nc4 b6 21. e5 Nd5 22. Be3 Nce7 23. Nd6 Nxe3 24.
Qxe3 Nf5 25. Nxf5 Bxf5 26. Nf3 Rd3 27. Qf2 Be4 28. Rae1 Bxf3 29. Bxf3 Rd2 30. Re2 Rxe2 31. Qxe2 Qd7 32. Rd1 Qc7 33. Rxd8 Qxd8 34. Qd1 Qxd1 35.
Bxd1 Be7 36. Kg2 Kf8 37. Kf2 Ke8 38. Ke2 Kd7 39. Kd3 Kc7 40. Kc4 Bd8 41. Bh5 g6 42. Bf3 Be7 43. Kb5 Bd8 44. Bc6 Kb8 45. Be8 f6 46. exf6 Bxf6 47. Bxg6 Kc7 48. Bf7 e5 49.
fxe5 Bxe5 50. g4 Bf4 51. Bd5 Bc1 52. b3 Bd2 53. Kc4 Be1 54. Kd3 Kd6 55. Bb7 Kc7 56. Bg2 Kd6 57. c4 Bh4 58. Ke4 Bg5 59. Kf5 Bd2 60. h4 Be3 61. Kg6 Ke5 62. g5 hxg5 63.
hxg5 Kd4 64. Kf5 Kc3 65. Bc6 Kxb3 66. Bb5 Kc3 67. g6 Bd4 68. Ke6 Bg7 69. Kf7 Bd4 70.
g7 Bxg7 71. Kxg7 Kd4 72. Kf7 Ke5 73. Ke7 Kd4 74. Kd7 Kc3 75. Kc6 Kb4 76. Kxb6 Kc3 77. Kxc5 Kb3 78. Kb6 Ka3 79. c5 Kb4 80. c6 1-0

[Event "Early-Titled-Tuesday-Blitz-February-20-2024"]
[Site "Chess.com"]
[Date "2024.02.20"]
[Round "9"]
[White "Zohid6"]
[Black "DenLaz"]
[Result "1-0"]
[WhiteElo "2885"]
[BlackElo "3020"]
[TimeControl "180+1"]
[EndTime "9:49:04 PST"]
[Termination "Zohid6 won by resignation"]

1. e4 c5 2. Nf3 e6 3. c3 d5 4. e5 d4 5. Bd3 Bd7 6. Na3 Bc6 7.
Nc2 Nd7 8. O-O Ne7 9. cxd4 cxd4 10. Ncxd4 Nxe5 11. Nxc6 N5xc6 12. Be4 Nd5 13. d4 Be7 14. Bd2 O-O 15. Rc1 Rc8 16. Qb3 Qd7 17. h3 Bf6 18. Qd3 h6 19. a3 Rfd8 20. Rfd1 Qd6 21. b4 Nce7 22. g3 b6 23. h4 Qd7 24. Kg2 Rxc1 25.
Rxc1 Rc8 26. Rxc8+ Qxc8 27. g4 Nc6 28. g5 hxg5 29.
hxg5 Be7 30. Bh7+ Kf8 31. Qe4 Bd6 32. Qh4 g6 33. Bxg6 Ke7 34. Be4 Ke8 35. g6 fxg6 36.
Bxg6+ Kd7 37. Qh7+ Nce7 38. Bd3 Nf6 39. Qh4 Nfd5 40.
Ng5 Qg8 41. Kf1 Nf5 42. Qg4 Nc7 43. Bxf5 exf5 44. Qxf5+ Kc6 45. Ne4 Qd5 46. Qxd5+ Nxd5 47. Ke2 Bc7 48. Kd3 b5 49. Nc3 Nb6 50. f4 Nc4 51.
Bc1 a5 52. bxa5 Bxa5 53. Ne4 Bd8 54. f5 Be7 55. Nc3 Nxa3 56. f6 Bf8 57. d5+ Kb6 58. Bxa3 Bxa3 59. Ne4 Bf8 60. Ng5 Kc5 61. Ne6+ Kxd5 62.
Nxf8 Ke5 63. Nh7 Ke6 64. Kd4 Kf7 65. Ke5 b4 66. Ng5+ Kg6 67. Ne4 b3 68. Nd2 b2 69.
Ke6 Kg5 70. f7 Kf4 71. f8=Q+ 1-0

[Event "Early-Titled-Tuesday-Blitz-February-20-2024"]
[Site "Chess.com"]
[Date "2024.02.20"]
[Round "9"]
[White "JonaszBaum"]
[Black "Lukianoo"]
[Result "1-0"]
[WhiteElo "2723"]
[BlackElo "2893"]
[TimeControl "180+1"]
[EndTime "9:49:06 PST"]
[Termination "JonaszBaum won by resignation"]

1. Nf3 Nf6 2. c4 e6 3. d4 Bb4+ 4. Nc3 b6 5. Qc2 Bb7 6. a3 Bxc3+ 7. Qxc3 O-O 8. e3 a5 9. Be2 a4 10. O-O Ne4 11. Qc2 d6 12. Ne1 f5 13. f3 Nf6 14.
Nd3 Qe7 15. c5 bxc5 16. dxc5 Bd5 17. Bd2 Nbd7 18. Bb4 Bb3 19. cxd6 cxd6 20. Qc6 Rfc8 21. Qxd6 Qxd6 22. Bxd6 Rc2 23. Rf2 Nd5 24. e4 Ne3 25.
Bf4 Nc4 26. Nb4 Rxb2 27. Bxc4 Rxf2 28. Bxb3 axb3 29. Kxf2 fxe4 30. fxe4 Nc5 31. Be5 Nxe4+ 32. Ke3 Nc5 33. Rc1 Na4 34. Rb1 b2 35. Bxb2 Nxb2 36. Rxb2 Rxa3+ 37. Nd3 Kf7 38. Rf2+ Ke7 39. Rb2 Kf6 40.
Ke2 g5 41. Nf2 h5 42. Ne4+ Kf5 43. Ng3+ Kg6 44. Kf2 h4 45. Ne2 Ra4 46. Rb6 Kf5 47.
Rb5+ e5 48. Rb8 Ra2 49. Rf8+ Ke4 50. Rd8 Ra3 51. h3 Rb3 52. Rd2 Ra3 53. Rb2 Kf5 54.
Rb4 Rd3 55. Rc4 Ra3 56. Rc3 Ra4 57. Ke3 Re4+ 58. Kf3 Ra4 59. Rc8 Ra3+ 60. Kf2 Ra2 61. Rc4 Rb2 62. Kf3 Rb3+ 63. Nc3 Ra3 64. Ke3 Rb3 65.
Kd3 Rb2 66. Ne2 Rb3+ 67. Kd2 Rb2+ 68. Ke3 Rb3+ 69. Rc3 Rb2 70. g3 Rb1 71. g4+ Ke6 72. Ke4 Rb4+ 73. Kf3 Rb1 74. Kf2 Rh1 75. Ng1 Rh2+ 76.
Kf1 Ra2 77. Ne2 e4 78. Rc5 Ra3 79. Rxg5 Rxh3 80. Nf4+ Kf6 81. Nxh3 e3 82. Rf5+ Kg6 83. Ke2 1-0